 Dungeon Crawl Stone Soup version 0.17-a0-1411-g06ff558 (webtiles) character file.

84 urechis the Cudgeler (level 4, 0/28 HPs)
             Began as a Gargoyle Fighter on June 23, 2015.
             Slain by a goblin
             ... wielding a +0 club
             ... led by Robin
              (3 damage)
             ... on level 2 of the Dungeon.
             The game lasted 00:01:58 (957 turns).

urechis the Cudgeler (Gargoyle Fighter)              Turns: 957, Time: 00:01:58

Health: 0/28       AC: 10    Str: 20    XL:     4   Next: 45%
Magic:  4/4        EV:  7    Int:  8    God:
Gold:   89         SH:  9    Dex: 10    Spells: 0 memorised, 3 levels left

rFire  + . .     SeeInvis .     a - +0 flail
rCold  . . .     Clarity  .     b - +0 scale mail
rNeg   + . .     SustAt   .     c - +0 shield
rPois  ∞         Gourm    .     (no helmet)
rElec  +         Spirit   .     (no cloak)
rCorr  .         Warding  .     (no gloves)
rMut   .         Stasis   +     (no boots)
MR     .....                    i - amulet of stasis
Stlth  ..........               (no ring)
                                g - ring of protection from fire

@: not resistant to hostile enchantments, extremely unstealthy
A: negative energy resistance 1, electricity resistance, unbreathing,
petrification resistance, rot immunity, AC +3
a: no special abilities


You were on level 2 of the Dungeon.
You were hungry.

You visited 1 branch of the dungeon, and saw 2 of its levels.

You collected 89 gold pieces.

Inventory:

Hand weapons
 a - a +0 flail (weapon)
Armour
 b - a +0 scale mail (worn)
 c - a +0 shield (worn)
Jewellery
 g - a ring of protection from fire (left hand)
 i - an amulet of stasis (around neck)
Scrolls
 f - 3 scrolls of blinking {unknown}
 j - a scroll of random uselessness {unknown}
 k - a scroll of remove curse {unknown}
 l - a scroll of enchant weapon {unknown}
 o - 2 scrolls of identify {unknown}
 p - a scroll of fog {unknown}
 q - a scroll of amnesia {unknown}
Potions
 d - a potion of might
 m - a potion of magic {unknown}
 r - a potion of heal wounds {unknown}
Comestibles
 e - 4 bread rations
 h - a meat ration
 n - a beef jerky


   Skills:
 - Level 3.2 Fighting
 + Level 4.5 Maces & Flails
 - Level 3.2 Armour
 - Level 3.2 Shields


You had 3 spell levels left.
You didn't know any spells.

Dungeon Overview and Level Annotations

Branches:
Dungeon (2/15)

Altars:

Annotations:
D:2 Robin


Innate Abilities, Weirdness & Mutations

You are resistant to torment.
Your stone body is resilient (AC +3).
You are immune to poison.
You resist negative energy.
You are resistant to electric shocks.
You can survive without breathing.
You are immune to petrification.
You are immune to rotting.


Message History

The goblin barely misses you. You block the goblin's attack.
The goblin hits you but does no damage. The goblin hits you.
* * * LOW HITPOINT WARNING * * *
You block the hobgoblin's attack. The goblin barely misses you.
The goblin barely misses you.
A kobold comes into view. It is wielding a dagger.
You closely miss the goblin. You block the goblin's attack.
You block the goblin's attack. The hobgoblin hits you with a club.
* * * LOW HITPOINT WARNING * * *
The goblin hits you but does no damage. You block the goblin's attack.
The goblin barely misses you.
You sock the goblin!
You kill the goblin!
The goblin hits you but does no damage. The goblin barely misses you.
You block the hobgoblin's attack. You block the goblin's attack.
Robin throws the goblin at you! The goblin completely misses you.
The goblin hits you.
* * * LOW HITPOINT WARNING * * *
The goblin hits you with a club.
You die...

#.......#####
#...........#
#######..##.#
##.# .#
#.##.# #..#.#
##...#
####g.##.#
#.g@g.K..#
#.ggg.##.#
#.gg..# ..
#.....# .
.....(.
..#####.# ...
.# .... .#


You could see Robin, 2 hobgoblins, 5 goblins and a kobold.

Vanquished Creatures
  4 gnolls
  2 worms (D:2)
  6 bats (D:1)
  A giant cockroach (D:1)
  10 goblins
  5 hobgoblins
  2 jackals (D:1)
  5 kobolds (D:1)
  A ball python (D:1)
  2 giant newts
  2 rats (D:1)
40 creatures vanquished.

Notes
Turn   | Place    | Note
--------------------------------------------------------------
     0 | D:1      | urechis the Gargoyle Fighter began the quest for the Orb.
     0 | D:1      | Reached XP level 1. HP: 14/14 MP: 1/1
    87 | D:1      | Reached XP level 2. HP: 14/19 MP: 2/2
   276 | D:1      | Reached XP level 3. HP: 8/23 MP: 3/3
   799 | D:2      | Reached skill level 4 in Maces & Flails
   806 | D:2      | Reached XP level 4. HP: 24/28 MP: 4/4
   942 | D:2      | Noticed Robin
   957 | D:2      | Slain by a goblin

Vault maps used:
D:1:      evilmike_arrival_rings, st_stairs_4
D:2:      first_bread, uniq_robin

Action                   |  1- 3 |  4- 6 || total
-------------------------+-------+-------++-------
Melee: Flail             |   111 |    28 ||   139
